Map: Whitewater Line LE

Players

Styx - Winner!

  • Race: Protoss Protoss
  • League: Platinum

MagierJo - Winner!

  • Race: Protoss Protoss

ntq - Winner!

  • Race: Protoss Protoss

udgu

  • Race: Protoss Protoss

qwepr

  • Race: Protoss Protoss

WaSuDoKu

  • Race: Zerg Zerg

VOD

Have the link to the VOD?

Description

Time

  • Played on: Oct. 1, 2026, 1:46 p.m.
  • Length: 22:41
Show
View Real Time Build Order
Export as new Build Order

Styx Protoss - Winner!

Build Orders:  

Get SALT Encoding   

  8  0:00  Probe (Chrono Boost)  
  9  0:12  Probe (Chrono Boost)  
  10  0:18  Probe (Chrono Boost)  
  11  0:29  Pylon  
  11  0:34  Probe  
  12  0:50  Gateway  
  12  0:57  Assimilator  
  12  1:01  Probe  
  13  1:13  Probe  
  14  1:22  Gateway  
  15  1:25  Probe  
  15  1:41  Cybernetics Core  
  15  1:46  Probe  
  16  1:59  Probe  
  16  2:00  Pylon  
  17  2:14  Probe  
  18  2:16  Adept x2 (Chrono Boost)  
  22  2:29  Probe  
  23  2:34  Pylon  
  23  2:42  Adept  
  25  2:45  Adept  
  25  2:49  Probe  
  28  3:03  Warp Gate  
  28  3:15  Twilight Council  
  28  3:19  Adept (Chrono Boost), Pylon  
  30  3:25  Adept (Chrono Boost)  
  32  3:49  Pylon  
  32  3:59  Probe  
  33  4:14  Adept (Chrono Boost)  
  33  4:15  Probe  
  34  4:21  Resonating Glaives  
  38  4:25  Adept (Chrono Boost)  
  38  4:26  Pylon  
  38  4:27  Assimilator  
  38  4:31  Gateway  
  38  4:33  Gateway  
  24  5:47  Adept x4  
  30  6:11  Robotics Facility  
  30  6:15  Gateway  
  30  6:16  Gateway  
  30  6:21  Nexus  
  30  6:23  Pylon  
  30  6:43  Probe  
  31  7:01  Warp Prism (Chrono Boost)  
  33  7:26  Gateway  
  33  7:28  Gateway  
  33  7:29  Gateway  
  33  7:54  Probe x2  
  33  7:55  Pylon  
  35  8:10  Probe x2  
  35  8:12  Stalker x6  
  47  8:25  Blink (Chrono Boost)  
  47  8:29  Probe  
  48  9:06  Stargate  
  48  9:09  Forge  
  48  9:10  Probe (Chrono Boost)  
  48  9:11  Probe (Chrono Boost)  
  48  9:16  Stalker x2  
  54  9:20  Probe x2 (Chrono Boost)  
  56  9:25  Probe (Chrono Boost)  
  56  9:26  Probe  
  58  9:36  Assimilator  
  58  9:37  Probe  
  60  9:38  Probe  
  60  9:39  Assimilator, Protoss Ground Weapons Level 1 (Chrono Boost)  
  60  10:03  Probe  
  60  10:04  Probe  
  62  10:15  Probe  
  62  10:16  Probe  
  64  10:27  Pylon  
  48  11:04  Stalker x7  
  48  11:05  Stalker x2  
  58  11:24  Probe x2  
  60  11:35  Gateway  
  60  11:36  Probe x2  
  60  11:37  Gateway  
  62  11:40  Gateway x2  
  62  11:42  Gateway  
  62  11:43  Gateway  
  62  11:46  Gateway  
  62  11:48  Pylon, Probe  
  62  11:53  Pylon  
  63  11:57  Pylon  
  63  12:07  Nexus  
  63  12:09  Pylon  
  63  12:12  Pylon  
  63  12:14  Pylon  
  63  12:17  Zealot x3  
  63  12:19  Sentry x6  
  81  12:31  Gateway  
  81  12:33  Gateway  
  81  12:34  Shield Battery  
  81  12:35  Protoss Ground Armor Level 1 (Chrono Boost)  
  81  12:41  Charge  
  81  12:46  Stalker  
  83  13:01  Assimilator  
  83  13:03  Assimilator  
  83  13:11  Stalker x3  
  89  13:15  Stalker  
  91  13:38  Probe  
  91  13:39  Probe x2  
  94  13:44  Pylon  
  94  13:48  Gateway  
  94  13:51  Probe x2 (Chrono Boost)  
  94  13:52  Probe (Chrono Boost)  
  97  14:01  Probe x3 (Chrono Boost)  
  99  14:22  Zealot x2  
  99  14:23  Zealot x5  
  112  14:25  Sentry  
  72  15:00  Stalker x4  
  72  15:01  Stalker  
  74  15:21  Stalker x2  
  74  15:23  Sentry x2  
  82  15:47  Probe  
  82  15:49  Stalker x3  
  89  16:19  Nexus  
  89  16:21  Pylon  
  89  16:23  Pylon  
  89  16:25  Pylon  
  89  16:30  Stalker x6  
  89  16:31  Stalker x3  
  107  16:32  Stalker  
  107  16:34  Zealot x2  
  113  16:42  Zealot x4  
  121  17:02  Nexus  
  121  17:04  Pylon  
  121  17:07  Pylon  
  120  17:19  Stalker x7  
  119  17:47  Stalker x3  
  123  17:59  Zealot x9  
  141  18:23  Probe x2  
  141  18:24  Probe  
  122  18:35  Probe x2  
  111  18:54  Probe x3  
  111  18:55  Probe  
  115  19:07  Probe  
  91  19:38  Probe x4  
  93  19:48  Zealot x5  
  103  19:56  Probe x3  
  106  20:13  Probe x2  
  106  20:14  Probe x2  
  110  20:25  Probe x2  
  110  20:26  Probe  
  111  20:30  Zealot x3  
  117  20:37  Probe  
  118  20:44  Zealot x3  
  124  21:00  Templar Archives  
  124  21:11  Zealot  
  124  21:12  Zealot x5  
  136  21:30  Zealot x4  
  144  21:37  Probe x3  
  147  21:42  Probe  
  147  21:46  Assimilator  
  148  21:49  Probe x3  
  148  21:50  Assimilator  
  134  22:09  Zealot x7  
  83  22:23  Stalker x3  
  75  22:35  Zealot x3  
Show
View Real Time Build Order
Export as new Build Order

MagierJo Protoss - Winner!

Build Orders:  

Get SALT Encoding   

  8  0:00  Probe (Chrono Boost)  
  9  0:12  Probe (Chrono Boost)  
  10  0:18  Probe (Chrono Boost)  
  11  0:31  Pylon  
  11  0:34  Probe  
  12  0:50  Probe  
  13  1:00  Gateway  
  13  1:02  Probe  
  14  1:15  Probe  
  15  1:19  Gateway  
  15  1:27  Probe  
  16  1:40  Gateway  
  16  1:47  Zealot (Chrono Boost)  
  18  1:57  Pylon  
  20  2:09  Zealot (Chrono Boost)  
  22  2:15  Zealot (Chrono Boost)  
  22  2:17  Pylon  
  22  2:20  Probe  
  25  2:31  Zealot (Chrono Boost)  
  25  2:33  Zealot (Chrono Boost)  
  27  2:37  Pylon  
  27  2:40  Zealot  
  29  2:55  Zealot  
  33  2:58  Zealot (Chrono Boost)  
  35  3:13  Zealot (Chrono Boost)  
  35  3:23  Zealot (Chrono Boost)  
  39  3:29  Zealot (Chrono Boost)  
  39  3:36  Zealot (Chrono Boost)  
  41  3:42  Zealot  
  43  3:49  Zealot  
  45  4:00  Pylon  
  45  4:18  Probe, Zealot x3  
  45  4:19  Pylon  
  45  4:21  Pylon  
  52  4:30  Probe  
  52  4:31  Assimilator  
  53  4:45  Assimilator, Probe  
  54  5:02  Cybernetics Core  
  54  5:03  Probe  
  55  5:15  Probe  
  34  5:42  Zealot x3  
  40  5:52  Probe  
  41  6:09  Zealot x2, Nexus  
  39  6:12  Assimilator  
  39  6:17  Pylon  
  39  6:22  Probe  
  40  6:35  Zealot  
  40  6:36  Zealot  
  44  6:52  Twilight Council  
  44  7:08  Forge  
  44  7:13  Probe  
  45  7:21  Probe  
  46  7:25  Probe  
  47  7:32  Warp Gate  
  47  7:33  Probe  
  48  7:37  Probe, Zealot  
  48  7:38  Zealot x2  
  55  7:46  Probe (Chrono Boost)  
  55  7:51  Probe (Chrono Boost)  
  58  7:59  Probe (Chrono Boost)  
  58  8:02  Probe (Chrono Boost), Assimilator  
  58  8:04  Probe (Chrono Boost)  
  60  8:06  Probe (Chrono Boost)  
  60  8:12  Probe  
  61  8:18  Templar Archives  
  62  8:27  Gateway  
  62  8:59  Protoss Ground Armor Level 1  
  68  9:13  Probe (Chrono Boost)  
  69  9:21  Probe (Chrono Boost)  
  71  9:24  Probe (Chrono Boost)  
  71  9:27  High Templar x3  
  71  9:29  Probe (Chrono Boost)  
  71  9:31  Pylon  
  73  9:32  Probe (Chrono Boost)  
  73  9:34  Probe (Chrono Boost)  
  74  9:40  Probe  
  74  9:44  Probe  
  76  9:49  High Templar  
  76  9:52  Probe, Pylon  
  85  9:59  Archon  
  86  10:07  High Templar x3  
  85  10:09  High Templar  
  85  10:13  Archon  
  87  10:27  High Templar x2  
  93  10:31  High Templar  
  95  10:47  High Templar  
  95  10:51  High Templar  
  97  11:04  Probe  
  97  11:05  Nexus  
  97  11:07  Assimilator  
  97  11:08  High Templar  
  100  11:11  High Templar  
  100  11:12  Assimilator, Archon  
  100  11:13  Archon  
  100  11:15  Archon  
  100  11:16  Archon  
  102  11:25  Protoss Ground Armor Level 2  
  102  11:40  Protoss Air Weapons Level 1  
  102  11:41  Psionic Storm  
  102  11:58  Archon  
  102  12:18  High Templar  
  102  12:20  High Templar  
  106  12:42  High Templar  
  108  12:45  High Templar  
  108  12:47  Archon  
  110  12:53  Pylon  
  110  12:57  Probe  
  110  12:58  Pylon  
  111  13:06  Archon  
  111  13:10  Probe  
  112  13:20  High Templar  
  112  13:22  Probe  
  112  13:26  High Templar x2  
  119  13:33  High Templar  
  119  13:34  Probe  
  122  13:46  Probe  
  123  13:48  Archon  
  123  13:49  Protoss Ground Weapons Level 1  
  123  13:58  Archon  
  53  15:08  High Templar  
  53  15:10  High Templar x3  
  59  15:29  High Templar  
  59  15:30  High Templar x2  
  65  16:25  High Templar x3  
  67  16:27  High Templar  
  73  16:33  Archon  
  73  16:35  Archon  
  73  16:45  High Templar x3  
  47  18:03  High Templar x4  
  39  18:23  High Templar x2  
  43  18:55  Assimilator  
  29  20:38  Probe  
  30  20:50  Probe  
  31  21:02  Probe  
  32  21:19  Nexus  
  32  21:22  Assimilator x2  
  32  21:41  Nexus  
  32  21:44  Probe, Assimilator  
  32  21:45  Assimilator  
  33  21:51  High Templar  
  33  21:52  High Templar x3  
  41  21:56  Probe  
  42  22:11  High Templar  
  42  22:12  High Templar x3  
Show
View Real Time Build Order
Export as new Build Order

ntq Protoss - Winner!

Build Orders: Carriers 

Get SALT Encoding   

  8  0:00  Probe  
  9  0:12  Probe (Chrono Boost)  
  11  0:22  Probe (Chrono Boost)  
  11  0:29  Pylon  
  11  0:38  Probe  
  12  0:47  Assimilator  
  12  0:51  Probe  
  13  1:04  Gateway  
  13  1:09  Probe (Chrono Boost)  
  14  1:21  Probe (Chrono Boost)  
  14  1:23  Pylon  
  15  1:31  Probe  
  16  1:43  Probe  
  17  1:48  Assimilator  
  17  1:55  Probe  
  17  2:01  Cybernetics Core  
  18  2:07  Probe  
  19  2:20  Probe  
  20  2:25  Pylon  
  20  2:32  Probe  
  21  2:38  Stargate  
  21  2:45  Probe  
  22  2:57  Probe  
  23  3:02  Stargate  
  23  3:09  Probe  
  24  3:18  Pylon  
  24  3:26  Void Ray  
  28  3:48  Void Ray  
  32  4:09  Void Ray  
  36  4:33  Void Ray, Nexus  
  40  5:09  Void Ray  
  44  5:45  Void Ray  
  48  5:52  Void Ray  
  48  5:54  Probe  
  53  6:04  Probe  
  54  6:06  Probe  
  55  6:16  Probe  
  57  6:18  Probe  
  57  6:28  Probe  
  58  7:03  Forge  
  58  7:06  Assimilator  
  58  7:22  Pylon  
  58  7:39  Void Ray  
  58  7:40  Probe x2  
  64  7:52  Probe x2  
  66  8:43  Assimilator  
  66  8:50  Pylon  
  66  8:52  Photon Cannon  
  66  9:08  Void Ray x2  
  66  9:09  Nexus  
  74  9:11  Protoss Air Weapons Level 1  
  74  9:22  Stargate  
  74  9:27  Stargate  
  74  9:28  Pylon  
  74  9:46  Probe x2  
  74  9:51  Void Ray  
  80  9:58  Probe x2  
  82  10:16  Fleet Beacon  
  82  10:20  Void Ray  
  82  10:21  Probe x2  
  88  10:24  Pylon  
  88  10:33  Probe x2  
  88  10:34  Void Ray  
  78  11:03  Void Ray  
  62  11:23  Carrier x3  
  80  11:26  Probe x2  
  80  11:32  Assimilator  
  82  11:33  Assimilator  
  82  11:36  Probe  
  82  11:38  Probe x2  
  85  11:48  Carrier, Probe  
  85  11:50  Probe x2  
  94  12:00  Probe  
  95  12:12  Nexus  
  95  12:29  Probe x3  
  98  12:41  Probe x3, Assimilator  
  101  12:45  Assimilator  
  101  12:49  Warp Gate  
  101  12:50  Pylon  
  101  12:53  Probe  
  102  13:09  Carrier  
  108  13:14  Probe x2  
  108  13:15  Probe  
  111  13:24  Carrier x2  
  111  13:26  Probe  
  124  14:14  Pylon  
  124  14:18  Pylon  
  124  14:21  Pylon  
  124  14:28  Protoss Air Armor Level 1  
  124  14:32  Probe x2, Carrier  
  124  14:36  Probe x2, Carrier  
  140  14:39  Carrier  
  140  14:44  Probe x2  
  122  15:13  Carrier  
  116  15:26  Probe  
  116  15:27  Probe x2  
  109  15:36  Carrier  
  109  15:50  Probe  
  109  15:51  Probe x3  
  109  15:55  Pylon  
  113  16:03  Probe x3, Photon Cannon  
  116  16:05  Photon Cannon  
  116  16:07  Photon Cannon  
  116  16:12  Probe  
  116  16:14  Carrier  
  116  16:15  Probe x3  
  126  16:21  Carrier x2  
  138  16:27  Probe  
  139  16:37  Protoss Air Weapons Level 2  
  139  16:41  Carrier  
  139  16:43  Photon Cannon  
  145  16:48  Photon Cannon  
  145  16:49  Photon Cannon  
  145  16:50  Pylon  
  145  16:51  Photon Cannon  
  145  16:53  Photon Cannon  
  140  17:09  Probe x2  
  140  17:10  Probe  
  136  17:18  Carrier  
  142  17:25  Carrier  
  99  18:16  Carrier x2  
  109  18:23  Carrier  
  109  18:24  Probe  
  116  18:29  Carrier  
  116  18:33  Probe  
  116  18:34  Probe  
  123  18:36  Probe  
  121  19:20  Carrier  
  121  19:21  Carrier  
  121  19:27  Carrier  
  127  20:04  Carrier  
  127  20:36  Nexus  
  127  20:42  Nexus  
  127  21:48  Pylon  
  151  21:56  Probe x2  
  153  22:04  Probe  
  148  22:08  Probe  
Show
View Real Time Build Order
Export as new Build Order

udgu Protoss 

Build Orders:  

Get SALT Encoding   

  8  0:00  Probe  
  9  0:13  Probe  
  10  0:26  Pylon  
  10  0:31  Probe  
  11  0:47  Gateway  
  11  1:02  Probe  
  12  1:15  Probe  
  14  1:32  Probe  
  14  1:35  Assimilator  
  14  1:37  Cybernetics Core  
  14  1:39  Pylon  
  14  1:45  Zealot (Chrono Boost)  
  16  2:01  Probe  
  17  2:13  Probe  
  18  2:16  Zealot (Chrono Boost)  
  18  2:18  Warp Gate (Chrono Boost)  
  20  2:25  Probe  
  21  2:33  Gateway  
  21  2:41  Stalker  
  23  2:53  Pylon  
  23  3:31  Nexus  
  23  3:39  Gateway  
  19  4:17  Pylon  
  19  4:20  Stalker  
  19  4:21  Stalker  
  21  4:38  Zealot  
  21  5:10  Stalker x2  
  21  5:11  Stalker  
  25  5:36  Stalker x2  
  25  5:37  Stalker  
  29  5:49  Probe  
  30  6:01  Probe  
  30  6:03  Probe  
  32  6:13  Probe  
  32  6:15  Probe  
  34  6:25  Probe  
  34  6:27  Probe  
  34  6:32  Twilight Council  
  34  6:37  Probe  
  34  6:39  Probe  
  21  6:51  Probe  
  22  6:56  Probe  
  23  7:03  Probe  
  23  7:08  Probe  
  25  7:15  Probe  
  25  7:20  Probe, Blink (Chrono Boost)  
  27  7:27  Probe  
  28  7:32  Probe  
  29  7:40  Probe  
  29  7:55  Probe  
  30  8:07  Probe  
  31  8:19  Stalker, Probe  
  34  8:20  Stalker x2  
  38  8:31  Probe  
  39  8:44  Probe  
  40  8:49  Probe  
  41  8:56  Probe, Stalker  
  41  9:01  Probe  
  45  9:08  Probe  
  46  9:13  Probe  
  47  9:20  Forge, Probe  
  48  9:25  Probe  
  49  9:32  Probe  
  48  10:17  Protoss Ground Weapons Level 1 (Chrono Boost)  
  48  10:27  Assimilator  
  48  10:29  Probe  
  36  10:41  Probe  
  36  10:53  Probe  
  35  11:13  Stalker x3  
  41  11:25  Probe  
  42  11:27  Probe  
  43  11:35  Assimilator  
  43  11:37  Probe  
  43  11:39  Probe  
  45  11:49  Probe  
  45  11:51  Probe  
  47  12:01  Probe  
  47  12:02  Pylon  
  47  12:03  Probe  
  47  12:04  Pylon  
  47  12:07  Protoss Ground Weapons Level 2 (Chrono Boost)  
  49  12:13  Pylon  
  49  12:15  Probe  
  50  12:22  Stalker x2  
  52  12:23  Stalker  
  52  12:27  Probe  
  57  12:35  Assimilator, Probe  
  58  12:39  Probe  
  59  12:47  Stalker x3  
  65  12:51  Probe  
  66  13:03  Probe  
  66  13:05  Gateway  
  67  13:06  Gateway  
  67  13:08  Gateway  
  67  13:09  Probe  
  68  13:21  Probe  
  69  13:36  Nexus  
  69  13:54  Pylon  
  69  13:58  Pylon  
  69  14:10  Protoss Shields Level 1 (Chrono Boost)  
  39  15:01  Stalker  
  39  15:02  Stalker x2  
  43  15:29  Stalker x3  
  43  15:30  Stalker  
  43  15:31  Stalker  
  43  15:32  Stalker  
  55  15:45  Probe  
  56  15:51  Gateway  
  56  15:53  Gateway  
  56  15:55  Gateway  
  56  15:57  Probe x2  
  58  16:08  Protoss Ground Armor Level 1 (Chrono Boost)  
  58  16:09  Probe x2  
  60  16:20  Stalker x3  
  60  16:21  Stalker x2, Probe  
  60  16:22  Stalker  
  73  16:33  Probe  
  74  16:43  Stalker x3  
  74  16:44  Stalker x2  
  74  16:45  Stalker, Probe  
  87  16:58  Probe  
  88  17:10  Probe  
  55  18:16  Stalker x2  
  55  18:17  Stalker x3  
  55  18:18  Stalker  
  57  18:31  Assimilator  
  57  18:32  Assimilator  
  57  18:38  Protoss Ground Weapons Level 3 (Chrono Boost)  
  57  18:53  Stalker  
  57  18:54  Stalker x3  
  57  18:55  Stalker x2  
  67  18:56  Stalker x2  
  67  18:57  Stalker  
  61  19:27  Stalker  
  61  19:28  Stalker  
  61  19:29  Stalker x2  
  61  19:30  Stalker x2  
  61  19:31  Stalker x2  
  71  19:32  Stalker  
  67  20:15  Stalker  
  67  20:16  Stalker x3  
  67  20:17  Stalker x2  
  67  20:18  Stalker  
  67  20:19  Stalker  
  67  20:20  Stalker  
  85  20:41  Probe  
  86  20:53  Probe  
  87  21:05  Probe  
  88  21:17  Probe, Stalker  
  88  21:18  Stalker x2  
  93  21:19  Stalker x4  
  103  21:25  Pylon  
  103  21:27  Pylon  
  103  21:30  Pylon  
  103  21:33  Pylon  
  67  22:29  Stalker x2  
  53  22:30  Stalker x3  
  53  22:31  Stalker x2  
  53  22:32  Stalker x2  
Show
View Real Time Build Order
Export as new Build Order

qwepr Protoss 

Build Orders:  

Get SALT Encoding   

  8  0:00  Probe  
  9  0:22  Pylon  
  9  0:28  Probe  
  10  0:45  Probe  
  11  0:56  Gateway  
  11  1:03  Probe (Chrono Boost)  
  12  1:14  Probe (Chrono Boost)  
  13  1:19  Probe (Chrono Boost)  
  14  1:26  Forge  
  14  1:29  Probe (Chrono Boost)  
  15  1:52  Probe  
  16  2:04  Probe  
  17  2:08  Assimilator  
  17  2:14  Assimilator  
  17  2:16  Probe (Chrono Boost)  
  18  2:28  Probe (Chrono Boost), Pylon  
  19  2:35  Probe (Chrono Boost)  
  20  2:42  Probe  
  21  2:54  Probe  
  22  2:59  Nexus  
  22  3:07  Probe  
  22  3:11  Pylon  
  23  3:19  Probe  
  24  3:21  Cybernetics Core  
  24  3:29  Pylon  
  24  3:31  Probe  
  25  3:35  Pylon  
  25  3:43  Probe  
  26  3:50  Pylon  
  26  4:25  Photon Cannon  
  26  4:27  Photon Cannon  
  26  4:29  Photon Cannon  
  26  4:31  Photon Cannon  
  26  4:33  Photon Cannon  
  26  4:37  Pylon  
  26  4:49  Pylon  
  26  4:56  Pylon  
  26  5:16  Photon Cannon  
  26  5:50  Probe  
  26  5:53  Probe  
  27  6:02  Probe (Chrono Boost), Stargate  
  28  6:04  Stargate  
  28  6:06  Stargate, Probe (Chrono Boost)  
  29  6:14  Probe (Chrono Boost)  
  29  6:18  Probe (Chrono Boost)  
  31  6:21  Probe (Chrono Boost)  
  31  6:22  Probe (Chrono Boost)  
  33  6:28  Probe  
  33  6:31  Probe  
  35  6:38  Assimilator  
  35  6:40  Probe  
  35  6:42  Assimilator  
  36  6:51  Photon Cannon  
  36  6:52  Probe  
  37  6:56  Pylon  
  37  7:04  Probe  
  38  7:12  Pylon  
  38  7:15  Pylon  
  38  7:16  Probe  
  38  7:18  Pylon  
  38  7:20  Pylon  
  39  7:25  Phoenix x3  
  39  7:29  Probe  
  46  7:35  Probe  
  39  7:41  Probe  
  33  7:47  Probe  
  33  7:51  Phoenix x3  
  40  7:53  Probe  
  41  7:59  Probe  
  41  8:05  Probe  
  43  8:11  Probe  
  34  8:17  Probe (Chrono Boost)  
  29  8:23  Probe (Chrono Boost)  
  31  8:35  Probe x2 (Chrono Boost)  
  32  8:43  Probe (Chrono Boost)  
  32  8:44  Probe (Chrono Boost)  
  33  8:51  Probe (Chrono Boost)  
  35  8:56  Probe (Chrono Boost)  
  35  8:59  Probe (Chrono Boost), Phoenix  
  35  9:00  Phoenix  
  41  9:05  Probe (Chrono Boost)  
  41  9:06  Probe (Chrono Boost)  
  42  9:15  Probe (Chrono Boost)  
  44  9:17  Probe (Chrono Boost)  
  44  9:24  Probe (Chrono Boost)  
  46  9:25  Probe (Chrono Boost)  
  46  9:30  Probe (Chrono Boost)  
  48  9:32  Probe (Chrono Boost)  
  48  9:41  Probe (Chrono Boost)  
  48  9:44  Probe (Chrono Boost)  
  50  9:46  Probe (Chrono Boost)  
  51  9:57  Probe (Chrono Boost)  
  51  9:58  Probe (Chrono Boost)  
  53  10:02  Probe (Chrono Boost)  
  54  10:12  Probe  
  55  10:20  Phoenix x3  
  61  10:24  Probe  
  54  11:21  Phoenix (Chrono Boost)  
  54  11:22  Phoenix (Chrono Boost)  
  54  11:23  Phoenix (Chrono Boost)  
  54  11:25  Probe  
  61  11:37  Probe  
  62  11:43  Phoenix (Chrono Boost)  
  62  11:44  Phoenix x2 (Chrono Boost)  
  68  11:49  Probe  
  69  12:01  Phoenix x3  
  69  12:05  Protoss Air Armor Level 1 (Chrono Boost)  
  75  12:26  Phoenix x3  
  81  12:51  Phoenix  
  81  12:53  Pylon  
  81  12:57  Nexus  
  83  13:00  Pylon  
  83  13:05  Pylon  
  83  13:07  Pylon  
  83  13:12  Pylon  
  83  13:15  Photon Cannon  
  83  13:17  Photon Cannon  
  83  13:19  Photon Cannon  
  83  13:20  Photon Cannon  
  83  13:25  Photon Cannon  
  83  13:26  Photon Cannon  
  83  13:28  Photon Cannon  
  83  13:30  Photon Cannon  
  83  13:34  Photon Cannon  
  83  13:35  Photon Cannon  
  83  13:39  Photon Cannon  
  83  13:55  Phoenix x3  
  89  14:06  Protoss Air Weapons Level 1  
  89  14:13  Assimilator  
  89  14:17  Assimilator  
  89  14:20  Phoenix x3  
  95  14:45  Phoenix x3  
  97  15:10  Phoenix x3  
  87  15:35  Phoenix x3  
  93  16:00  Phoenix x3  
  93  16:02  Probe  
  100  16:15  Probe (Chrono Boost)  
  101  16:25  Phoenix x3  
  108  16:27  Probe (Chrono Boost)  
  108  16:32  Probe (Chrono Boost)  
  108  16:38  Pylon  
  109  16:40  Pylon  
  109  16:41  Probe  
  109  16:42  Pylon  
  110  16:50  Phoenix x3  
  110  16:53  Probe  
  117  17:15  Phoenix  
  73  18:19  Void Ray x3  
  79  18:28  Nexus  
  79  18:33  Photon Cannon  
  79  18:36  Photon Cannon  
  79  18:39  Photon Cannon  
  79  18:41  Photon Cannon  
  79  18:44  Photon Cannon  
  79  18:45  Photon Cannon  
  79  18:47  Photon Cannon  
  69  19:39  Void Ray x3 (Chrono Boost)  
  81  20:13  Void Ray x3 (Chrono Boost)  
  93  20:37  Probe (Chrono Boost)  
  93  20:38  Void Ray x2 (Chrono Boost)  
  94  20:45  Void Ray  
  94  20:47  Probe (Chrono Boost)  
  107  20:52  Probe (Chrono Boost)  
  108  20:59  Assimilator  
  108  21:03  Probe (Chrono Boost), Assimilator  
  109  21:14  Probe (Chrono Boost)  
  118  21:19  Probe (Chrono Boost)  
  118  21:20  Void Ray (Chrono Boost)  
  118  21:21  Void Ray (Chrono Boost)  
  118  21:25  Void Ray (Chrono Boost)  
  119  21:30  Probe  
  124  21:42  Probe  
  125  21:53  Void Ray x2 (Chrono Boost)  
Show
View Real Time Build Order
Export as new Build Order

WaSuDoKu Zerg 

Build Orders: Hatch First 

Get SALT Encoding   

  8  0:02  Drone  
  9  0:10  Drone  
  10  0:18  Drone  
  11  0:23  Drone  
  12  0:33  Extractor  
  12  0:34  Drone  
  12  0:40  Overlord  
  13  0:59  Drone x2  
  13  1:02  Drone  
  16  1:13  Drone  
  17  1:22  Drone  
  18  1:29  Hatchery  
  18  1:32  Drone  
  18  1:37  Extractor  
  17  1:45  Spawning Pool  
  16  1:47  Drone  
  16  1:52  Drone  
  18  2:01  Drone  
  19  2:11  Drone  
  20  2:24  Overlord  
  20  2:40  Drone  
  20  2:41  Drone x2  
  23  2:47  Queen  
  23  2:48  Queen  
  27  2:55  Roach Warren  
  26  3:00  Evolution Chamber  
  26  3:01  Drone x3  
  28  3:10  Drone  
  28  3:12  Overlord  
  29  3:14  Drone  
  30  3:24  Drone x2  
  32  3:30  Drone  
  33  3:37  Drone  
  34  3:43  Lair  
  34  3:46  Queen  
  34  3:47  Drone x2  
  38  4:02  Drone x2  
  40  4:10  Overlord  
  40  4:11  Overlord  
  40  4:17  Spine Crawler  
  40  4:20  Spine Crawler  
  38  4:29  Roach x6  
  50  4:47  Roach x3  
  50  4:49  Overlord  
  56  5:27  Roach x5  
  56  5:45  Queen  
  56  5:46  Queen  
  60  5:59  Drone x4  
  60  6:29  Extractor  
  60  6:32  Extractor  
  58  6:35  Hatchery  
  58  6:36  Zerg Ground Armor Level 1  
  58  6:37  Glial Reconstitution  
  57  6:45  Extractor  
  56  6:47  Hydralisk Den  
  56  6:50  Spore Crawler  
  56  6:51  Spore Crawler  
  53  6:56  Spore Crawler  
  53  6:57  Spore Crawler  
  53  6:59  Spore Crawler  
  53  7:00  Spore Crawler  
  49  7:08  Drone x10, Overlord  
  56  7:09  Overlord, Drone x2  
  56  7:10  Drone x3  
  64  7:21  Grooved Spines  
  64  7:45  Hydralisk x3  
  64  7:46  Hydralisk  
  64  7:48  Drone x2, Overlord  
  64  7:49  Overlord  
  74  8:11  Muscular Augments  
  74  8:13  Hydralisk x6  
  86  8:46  Spire  
  85  8:52  Hydralisk  
  85  8:53  Hydralisk x5  
  85  8:55  Drone x3, Overlord x2  
  100  8:56  Overlord  
  100  9:19  Hatchery  
  99  9:24  Hydralisk  
  99  9:25  Hydralisk x6  
  113  9:44  Hydralisk x4  
  121  9:57  Hydralisk  
  123  10:20  Hatchery  
  122  10:24  Drone x2, Overlord x3  
  122  10:25  Overlord  
  124  11:03  Hydralisk x6  
  124  11:04  Hydralisk x7  
  148  11:25  Drone x2  
  148  11:26  Drone x4  
  154  11:53  Drone x6  
  160  11:57  Overlord x3  
  160  11:58  Extractor  
  160  11:59  Extractor  
  158  12:01  Spore Crawler x3  
  158  12:04  Evolution Chamber  
  154  12:08  Infestation Pit  
  154  12:10  Zerg Missile Weapons Level 1  
  154  12:12  Tunneling Claws  
  153  12:19  Overseer x2  
  153  12:20  Hydralisk x11  
  175  12:26  Drone x4  
  179  12:48  Hive  
  179  12:50  Drone x5  
  184  12:51  Overlord x3  
  184  13:02  Zerg Flyer Weapons Level 1  
  184  13:24  Hatchery  
  183  13:53  Hydralisk x8  
  183  13:55  Drone  
  156  14:53  Hydralisk  
  156  14:54  Hydralisk x23  
  156  14:55  Hydralisk x3  
  156  14:56  Hydralisk x2  
  180  15:28  Hydralisk  
  180  15:29  Hydralisk x7  
  196  15:54  Overlord x3  
  196  16:04  Overseer x3  
  196  16:07  Zerg Missile Weapons Level 2  
  196  16:09  Zerg Ground Armor Level 2  
  196  16:14  Pneumatized Carapace  
  196  16:30  Hydralisk x2  
  200  17:15  Unknown  
  184  18:22  Hydralisk x8  
  170  18:53  Hydralisk x5  
  170  18:54  Hydralisk x11  
  196  19:13  Hydralisk  
  196  19:14  Hydralisk x4  
  180  19:31  Hydralisk  
  180  19:32  Hydralisk x11  
  188  19:52  Hydralisk x4  
  188  19:55  Overlord x3  
  196  20:04  Extractor  
  195  20:07  Extractor  
  195  20:14  Greater Spire  
  186  20:31  Hydralisk x7  
  200  21:14  Hatchery  
  199  21:24  Hatchery  
  158  21:29  Overseer x3  
  158  21:31  Hydralisk x6  
  158  21:32  Hydralisk x13  
  190  21:35  Drone x4  
Tags
 
Add a new tag
Caveats
  • Supply blocks, unpowered buildings, or Contaminate may cause inaccurate times.
  • Supply counts are checked every 10 seconds.